[ AOE2 MATCH · #508049533 ]
UnrankedItalians vs Vietnamese
Player's team · LOSS
[ REPLAY ANALYSIS · EXTRACTED FROM THE RECORDED GAME ]
Feudal
8:51
Castle
23:28
Imperial
—
| APM avg | 68.2 |
| APM peak | 108 |
| eAPM avg | 29.0 |
| Villagers / military | 105 / 113 |
Focus
⚔️ 45.2% · 🌾 54.8%
Knight ×48 · Archer ×44 · Mangonel ×13 · Militia ×8
Feudal
13:08
Castle
27:09
Imperial
—
| APM avg | 68.7 |
| APM peak | 129 |
| eAPM avg | 26.4 |
| Villagers / military | 88 / 85 |
Focus
⚔️ 38.7% · 🌾 61.3%
Archer ×41 · Skirmisher ×23 · Monk ×10 · Mangonel ×7 · Militia ×4
Match map
Initial resources + every placement click. Lines = walls · curves = elevation contours. ◆ gold · ⬟ stone · ● berries · ✦ relic · ◌ wall gap
Your base· Open — unwalled flank
TdB.holland89's base· ✓ Closed at 27:09 · 127t walls · 1 gate(s)
Smoothed initial terrain · ◌ = detected wall gap · hover for details
Inputs per minute
— FofocaStyle - - TdB.holland89
Build order — FofocaStyle
First 150 of 328 actions detected
| 0:01 | Queue | Villager (Male) |
| 0:02 | Queue | Villager (Male) |
| 0:02 | Build | House |
| 0:04 | Build | House |
| 0:13 | Queue | Villager (Male) |
| 0:13 | Queue | Villager (Male) |
| 1:27 | Queue | Villager (Male) |
| 1:27 | Queue | Villager (Male) |
| 2:03 | Queue | Villager (Male) |
| 2:03 | Queue | Villager (Male) |
| 2:24 | Queue | Villager (Male) |
| 2:24 | Queue | Villager (Male) |
| 2:28 | Build | Lumber Camp |
| 2:56 | Queue | Villager (Male) |
| 2:56 | Queue | Villager (Male) |
| 2:57 | Queue | Villager (Male) |
| 2:57 | Queue | Villager (Male) |
| 3:32 | Queue | Villager (Male) |
| 3:33 | Queue | Villager (Male) |
| 3:33 | Queue | Villager (Male) |
| 3:53 | Build | House |
| 4:05 | Queue | Villager (Male) |
| 4:49 | Queue | Villager (Male) |
| 5:22 | Build | Barracks |
| 5:26 | Queue | Villager (Male) |
| 5:39 | Queue | Villager (Male) |
| 5:55 | Build | House |
| 6:03 | Research | Loom |
| 6:32 | Research | Feudal Age |
| 6:32 | Research | Feudal Age |
| 6:36 | Queue | Militia |
| 6:36 | Queue | Militia |
| 6:36 | Queue | Militia |
| 6:48 | Build | Palisade Wall |
| 7:09 | Queue | Militia |
| 7:10 | Queue | Militia |
| 7:17 | Build | Mining Camp |
| 7:47 | Queue | Militia |
| 7:48 | Queue | Militia |
| 7:48 | Queue | Militia |
| 7:59 | Build | Mill |
| 8:51 | Age | Feudal Age |
| 8:54 | Research | Man-at-Arms (upgrade) |
| 8:55 | Queue | Villager (Male) |
| 9:17 | Build | Palisade Gate |
| 9:24 | Build | House |
| 9:33 | Queue | Villager (Male) |
| 9:57 | Build | Farm |
| 10:03 | Build | Archery Range |
| 10:14 | Queue | Villager (Male) |
| 10:41 | Build | Watch Tower |
| 10:46 | Build | Farm |
| 10:54 | Queue | Villager (Male) |
| 10:55 | Queue | Villager (Male) |
| 10:55 | Queue | Villager (Male) |
| 11:13 | Queue | Villager (Male) |
| 11:13 | Queue | Villager (Male) |
| 11:16 | Queue | Archer |
| 11:16 | Queue | Archer |
| 11:30 | Build | House |
| 11:35 | Queue | Villager (Male) |
| 11:41 | Build | Watch Tower |
| 11:45 | Queue | Archer |
| 11:46 | Queue | Archer |
| 11:50 | Build | House |
| 11:52 | Build | House |
| 12:05 | Queue | Villager (Male) |
| 12:11 | Queue | Archer |
| 12:35 | Build | Farm |
| 12:45 | Queue | Villager (Male) |
| 12:45 | Queue | Archer |
| 12:46 | Queue | Archer |
| 12:46 | Queue | Archer |
| 12:49 | Build | Farm |
| 13:14 | Queue | Villager (Male) |
| 13:16 | Build | House |
| 13:22 | Research | Double-Bit Axe |
| 13:22 | Research | Double-Bit Axe |
| 13:28 | Queue | Villager (Male) |
| 13:31 | Build | Farm |
| 13:33 | Queue | Archer |
| 13:56 | Build | House |
| 14:11 | Queue | Villager (Male) |
| 14:13 | Queue | Archer |
| 14:26 | Build | Mining Camp |
| 14:34 | Queue | Villager (Male) |
| 14:54 | Build | Blacksmith |
| 15:01 | Queue | Villager (Male) |
| 15:12 | Queue | Villager (Male) |
| 15:45 | Queue | Villager (Male) |
| 15:46 | Research | Fletching |
| 15:46 | Research | Fletching |
| 15:47 | Queue | Archer |
| 15:50 | Build | Archery Range |
| 16:01 | Build | House |
| 16:02 | Build | House |
| 16:03 | Queue | Villager (Male) |
| 16:03 | Queue | Archer |
| 16:09 | Queue | Archer |
| 16:39 | Build | Lumber Camp |
| 16:42 | Queue | Villager (Male) |
| 16:42 | Queue | Villager (Male) |
| 16:46 | Queue | Archer |
| 16:46 | Queue | Archer |
| 16:46 | Queue | Archer |
| 17:05 | Queue | Villager (Male) |
| 17:08 | Queue | Archer |
| 17:08 | Queue | Archer |
| 17:12 | Build | House |
| 17:13 | Build | House |
| 17:13 | Build | House |
| 17:45 | Queue | Villager (Male) |
| 17:46 | Queue | Archer |
| 18:13 | Queue | Villager (Male) |
| 18:21 | Build | Farm |
| 18:21 | Build | Farm |
| 18:22 | Build | Farm |
| 18:24 | Build | Farm |
| 18:24 | Build | Farm |
| 18:25 | Build | Farm |
| 18:27 | Queue | Archer |
| 18:40 | Build | Market |
| 18:42 | Build | House |
| 19:07 | Queue | Archer |
| 19:13 | Queue | Villager (Male) |
| 19:14 | Queue | Archer |
| 19:27 | Build | Mill |
| 20:09 | Queue | Villager (Male) |
| 20:10 | Queue | Archer |
| 20:10 | Queue | Archer |
| 20:48 | Research | Castle Age |
| 20:48 | Research | Castle Age |
| 20:55 | Queue | Archer |
| 20:56 | Queue | Archer |
| 21:05 | Queue | Villager (Male) |
| 21:10 | Build | House |
| 21:11 | Build | Palisade Wall |
| 21:27 | Queue | Villager (Male) |
| 21:32 | Build | Stable |
| 21:45 | Build | House |
| 21:46 | Build | House |
| 21:47 | Build | House |
| 21:48 | Build | Palisade Wall |
| 21:59 | Queue | Archer |
| 21:59 | Queue | Archer |
| 22:08 | Queue | Villager (Male) |
| 22:12 | Build | Farm |
| 22:13 | Build | Farm |
| 22:45 | Queue | Villager (Male) |
| 22:48 | Build | Stable |
Build order — TdB.holland89
First 150 of 278 actions detected
| 0:00 | Queue | Villager (Male) |
| 0:01 | Queue | Villager (Male) |
| 0:01 | Queue | Villager (Male) |
| 0:03 | Build | House |
| 0:04 | Build | House |
| 0:27 | Queue | Villager (Male) |
| 0:27 | Queue | Villager (Male) |
| 1:46 | Queue | Villager (Male) |
| 1:46 | Queue | Villager (Male) |
| 1:46 | Queue | Villager (Male) |
| 1:48 | Build | Lumber Camp |
| 2:06 | Queue | Villager (Male) |
| 2:07 | Queue | Villager (Male) |
| 2:16 | Queue | Villager (Male) |
| 2:16 | Queue | Villager (Male) |
| 2:51 | Queue | Villager (Male) |
| 2:51 | Queue | Villager (Male) |
| 3:06 | Queue | Villager (Male) |
| 3:06 | Queue | Villager (Male) |
| 3:48 | Queue | Villager (Male) |
| 3:49 | Queue | Villager (Male) |
| 3:49 | Queue | Villager (Male) |
| 4:11 | Build | House |
| 4:16 | Queue | Villager (Male) |
| 4:16 | Queue | Villager (Male) |
| 4:39 | Queue | Villager (Male) |
| 4:39 | Queue | Villager (Male) |
| 4:43 | Build | Barracks |
| 4:58 | Build | House |
| 5:13 | Queue | Villager (Male) |
| 5:13 | Queue | Villager (Male) |
| 5:13 | Queue | Villager (Male) |
| 5:38 | Queue | Villager (Male) |
| 5:38 | Queue | Villager (Male) |
| 5:44 | Queue | Militia |
| 5:44 | Queue | Militia |
| 5:45 | Queue | Militia |
| 6:00 | Build | House |
| 6:01 | Build | Palisade Wall |
| 6:19 | Queue | Villager (Male) |
| 6:19 | Queue | Villager (Male) |
| 6:20 | Queue | Villager (Male) |
| 6:39 | Queue | Militia |
| 6:42 | Build | Mill |
| 6:58 | Build | House |
| 7:00 | Build | Palisade Wall |
| 7:13 | Queue | Villager (Male) |
| 7:36 | Queue | Villager (Male) |
| 7:50 | Queue | Villager (Male) |
| 8:07 | Queue | Villager (Male) |
| 8:08 | Queue | Villager (Male) |
| 8:32 | Queue | Villager (Male) |
| 8:35 | Build | Farm |
| 8:40 | Build | Mill |
| 8:44 | Build | Mill |
| 8:59 | Queue | Villager (Male) |
| 9:02 | Queue | Villager (Male) |
| 9:14 | Queue | Villager (Male) |
| 9:17 | Build | Farm |
| 9:18 | Queue | Villager (Male) |
| 9:21 | Build | Palisade Wall |
| 9:59 | Queue | Villager (Male) |
| 10:01 | Build | Farm |
| 10:03 | Build | Farm |
| 10:04 | Queue | Villager (Male) |
| 10:11 | Queue | Villager (Male) |
| 10:18 | Build | Palisade Wall |
| 10:29 | Research | Loom |
| 10:29 | Research | Feudal Age |
| 10:49 | Build | Lumber Camp |
| 11:05 | Build | Palisade Wall |
| 11:47 | Build | Palisade Wall |
| 11:50 | Build | House |
| 11:53 | Build | House |
| 11:58 | Build | Palisade Wall |
| 12:00 | Build | Palisade Wall |
| 12:03 | Build | Palisade Wall |
| 12:04 | Build | Palisade Wall |
| 12:06 | Build | Palisade Wall |
| 12:14 | Queue | Villager (Male) |
| 12:17 | Build | Farm |
| 12:19 | Build | Mining Camp |
| 12:26 | Queue | Villager (Male) |
| 12:32 | Build | Palisade Wall |
| 12:39 | Build | Palisade Wall |
| 12:40 | Queue | Villager (Male) |
| 13:01 | Build | Palisade Wall |
| 13:06 | Build | Palisade Wall |
| 13:07 | Build | Palisade Wall |
| 13:08 | Age | Feudal Age |
| 13:16 | Build | Archery Range |
| 13:23 | Build | Farm |
| 13:26 | Build | Farm |
| 13:27 | Build | Farm |
| 13:29 | Queue | Villager (Male) |
| 13:38 | Queue | Villager (Male) |
| 13:46 | Build | House |
| 13:58 | Queue | Archer |
| 13:58 | Queue | Archer |
| 14:04 | Build | Watch Tower |
| 14:12 | Queue | Villager (Male) |
| 14:20 | Build | Palisade Gate |
| 14:22 | Build | Palisade Wall |
| 14:22 | Queue | Villager (Male) |
| 14:27 | Research | Double-Bit Axe |
| 14:32 | Build | House |
| 14:35 | Build | Palisade Wall |
| 14:37 | Queue | Archer |
| 14:47 | Build | Palisade Wall |
| 14:48 | Build | Palisade Wall |
| 14:50 | Queue | Villager (Male) |
| 14:51 | Queue | Archer |
| 14:55 | Build | House |
| 15:06 | Build | House |
| 15:11 | Queue | Archer |
| 15:22 | Build | House |
| 15:25 | Queue | Villager (Male) |
| 15:34 | Build | Archery Range |
| 15:42 | Build | House |
| 15:47 | Build | House |
| 15:49 | Build | House |
| 15:53 | Queue | Archer |
| 15:53 | Queue | Archer |
| 15:55 | Queue | Villager (Male) |
| 16:20 | Build | House |
| 16:28 | Queue | Archer |
| 16:30 | Queue | Skirmisher |
| 16:51 | Build | Blacksmith |
| 17:05 | Build | Mining Camp |
| 17:06 | Queue | Archer |
| 17:07 | Queue | Archer |
| 17:24 | Research | Fletching |
| 17:25 | Research | Padded Archer Armor |
| 17:34 | Build | Palisade Wall |
| 17:49 | Queue | Skirmisher |
| 17:50 | Queue | Skirmisher |
| 18:26 | Queue | Skirmisher |
| 19:01 | Queue | Skirmisher |
| 19:01 | Queue | Skirmisher |
| 19:02 | Queue | Villager (Male) |
| 19:02 | Queue | Villager (Male) |
| 19:08 | Build | Mining Camp |
| 19:10 | Build | Market |
| 19:19 | Queue | Skirmisher |
| 19:19 | Queue | Skirmisher |
| 19:35 | Queue | Skirmisher |
| 19:35 | Queue | Skirmisher |
| 19:41 | Queue | Villager (Male) |
| 19:42 | Queue | Villager (Male) |
| 19:51 | Queue | Skirmisher |
Match timeline
| 4:43 | TdB.holland89 · first_building Barracks |
| 5:22 | FofocaStyle · first_building Barracks |
| 6:01 | TdB.holland89 · wall_segment Palisade Wall x4 |
| 6:48 | FofocaStyle · wall_segment Palisade Wall x3 |
| 7:00 | TdB.holland89 · wall_segment Palisade Wall x14 |
| 8:51 | FofocaStyle · age_up feudal |
| 9:21 | TdB.holland89 · wall_segment Palisade Wall x13 |
| 10:03 | FofocaStyle · first_building Archery Range |
| 10:18 | TdB.holland89 · wall_segment Palisade Wall x13 |
| 11:05 | TdB.holland89 · wall_segment Palisade Wall x3 |
| 11:47 | TdB.holland89 · wall_segment Palisade Wall x10 |
| 11:58 | TdB.holland89 · wall_segment Palisade Wall x1 |
| 12:00 | TdB.holland89 · wall_segment Palisade Wall x1 |
| 12:03 | TdB.holland89 · wall_segment Palisade Wall x1 |
| 12:04 | TdB.holland89 · wall_segment Palisade Wall x2 |
| 12:06 | TdB.holland89 · wall_segment Palisade Wall x1 |
| 12:32 | TdB.holland89 · wall_segment Palisade Wall x1 |
| 12:39 | TdB.holland89 · wall_segment Palisade Wall x7 |
| 13:01 | TdB.holland89 · wall_segment Palisade Wall x5 |
| 13:06 | TdB.holland89 · wall_segment Palisade Wall x1 |
| 13:07 | TdB.holland89 · wall_segment Palisade Wall x7 |
| 13:08 | TdB.holland89 · age_up feudal |
| 13:16 | TdB.holland89 · first_building Archery Range |
| 14:22 | TdB.holland89 · wall_segment Palisade Wall x6 |
| 14:35 | TdB.holland89 · wall_segment Palisade Wall x13 |
| 14:47 | TdB.holland89 · wall_segment Palisade Wall x4 |
| 14:48 | TdB.holland89 · wall_segment Palisade Wall x2 |
| 17:34 | TdB.holland89 · wall_segment Palisade Wall x1 |
| 19:56 | TdB.holland89 · first_market_sell 100 food |
| 19:57 | TdB.holland89 · first_market_buy 100 stone |
| 20:13 | FofocaStyle · first_market_sell 500 wood |
| 20:13 | FofocaStyle · first_market_buy 100 food |
| 21:11 | FofocaStyle · wall_segment Palisade Wall x6 |
| 21:26 | TdB.holland89 · wall_segment Palisade Wall x16 |
| 21:26 | TdB.holland89 · wall_segment Palisade Wall x2 |
| 21:32 | FofocaStyle · first_building Stable |
| 21:42 | TdB.holland89 · wall_segment Palisade Wall x1 |
| 21:48 | FofocaStyle · wall_segment Palisade Wall x1 |
| 23:28 | FofocaStyle · age_up castle |
| 23:41 | TdB.holland89 · wall_segment Palisade Wall x5 |
| 26:13 | TdB.holland89 · wall_segment Palisade Wall x1 |
| 27:09 | TdB.holland89 · age_up castle |
| 27:14 | TdB.holland89 · first_building Monastery |
| 27:37 | TdB.holland89 · wall_segment Palisade Wall x1 |
| 28:06 | FofocaStyle · first_building Siege Workshop |
| 28:10 | TdB.holland89 · first_building Siege Workshop |
| 37:38 | TdB.holland89 · first_building Castle |
| 37:47 | FofocaStyle · first_building Castle |
| 38:41 | FofocaStyle · resign |
[ AI ANALYSIS · 1 CREDIT ]
What really happened in this match?
Wolo.gg analyzes every decision: build order, eco, micro, common mistakes by bracket. Personalized analysis on WhatsApp or Discord in 30 seconds.
Civ guide
Italians
Perfil
Jugador #17300339